 Dungeon Crawl Stone Soup version 0.30-a0-528-g8c47a4955b (webtiles) character file.

Game seed: 4908357326124628309

453264 Pooter the Executioner (level 23, -28/193 HPs)
             Began as a Minotaur Fighter on Dec 20, 2022.
             Was a High Priest of Okawaru.
             Annihilated by an acid blob (30 damage)
             ... on level 4 of the Pits of Slime on Dec 23, 2022.
             The game lasted 06:38:25 (71444 turns).

Pooter the Executioner (Minotaur Fighter)          Turns: 71444, Time: 06:38:25

Health: -28/193    AC: 24    Str: 34    XL:     23   Next: 23%
Magic:  28/33      EV: 15    Int: 17    God:    Okawaru [*****.]
Gold:   2702       SH:  0    Dex: 12    Spells: 16/22 levels left

rFire   + + .      SeeInvis .    a - +7 executioner's axe (flame)
rCold   + . .      Faith    .    (shield currently unavailable)
rNeg    . . .      Spirit   .    Y - +10 plate armour {rF+}
rPois   .          Reflect  .    S - +2 hat of the Learner {Stlth+}
rElec   +          Harm     +    O - +0 cloak of the Rose {+Blink rElec Dex-4}
rCorr   +          Rampage  .    P - +4 pair of gloves "Ulagebeuvi" {Regen+ rCorr Int+4}
Will    +....      Clarity  +    c - +1 pair of boots of Saugijoe {Harm Str+4 Int+4}
Stlth   +++                      K - amulet of Syndicalism {rElec rF+ Regen+ Slay+6}
HPRegen 2.12/turn                z - +6 ring of strength
MPRegen 0.23/turn                Z - +4 ring of slaying

@: heroic, finesse-ful, corroded, studying Ice Magic
A: horns 2, retaliatory headbutt, camouflage 1, clarity, clever 1, cold
resistance 1, frail 1
}: 2/15 runes: serpentine, barnacled
a: Renounce Religion, Evoke Blink, Heroism, Finesse, Duel


You were on level 4 of the Pits of Slime.
You worshipped Okawaru.
Okawaru was extremely pleased with you.
You visited 11 branches of the dungeon, and saw 47 of its levels.
You also visited: Ossuary, Bailey, Gauntlet, Ice Cave and Wizlab.

You collected 6097 gold pieces.
You spent 3395 gold pieces at shops.

Inventory:

Hand Weapons
 a - a +7 executioner's axe of flaming (weapon)
   (Okawaru gifted it to you on level 2 of the Orcish Mines)
 b - a +9 arbalest of freezing
   (Okawaru gifted it to you on level 5 of the Lair of Beasts)
 y - the +3 executioner's axe "Nopem" {drain, rC+ Int+2 SInv}
   (You bought it in a shop on level 14 of the Dungeon)

   A truly terrible weapon, it drains the life of any living foe it strikes.
   Int:       It affects your intelligence (+2).
   rC:        It protects you from cold.
   SInv:      It lets you see invisible.
 N - the +8 longbow "Zephyr" {speed, Dex+3 SInv}
   (Okawaru gifted it to you on level 4 of the Lair of Beasts)

   Attacks with this weapon are significantly faster.
   Dex:       It affects your dexterity (+3).
   SInv:      It lets you see invisible.
Missiles
 h - 17 silver javelins (quivered)
 k - 6 silver boomerangs
 A - 53 javelins
 J - 52 boomerangs
 V - 6 curare-tipped darts
Armour
 c - the +1 pair of boots of Saugijoe (worn) {Harm Str+4 Int+4}
   (You found it on level 2 of the Vaults)

   Str:       It affects your strength (+4).
   Int:       It affects your intelligence (+4).
   Harm:      It increases damage dealt and taken.
 v - the +2 pair of boots of Untruth {rF+ Will+ Str+2}
   (Okawaru gifted it to you on level 4 of the Snake Pit)

   Str:       It affects your strength (+2).
   rF:        It protects you from fire.
   Will:      It increases your willpower.
 O - the +0 cloak of the Rose (worn) {+Blink rElec Dex-4}
   (You acquired it on level 5 of the Lair of Beasts)

   Dex:       It affects your dexterity (-4).
   rElec:     It insulates you from electricity.
   +Blink:    It lets you blink.
 P - the +4 pair of gloves "Ulagebeuvi" (worn) {Regen+ rCorr Int+4}
   (Okawaru gifted it to you on level 2 of the Snake Pit)

   Int:       It affects your intelligence (+4).
   Regen:     It increases your rate of health regeneration.
   rCorr:     It protects you from acid and corrosion.
 S - the +2 hat of the Learner (worn) {Stlth+}
   (You found it on level 3 of the Vaults)

   Stlth:     It makes you more stealthy.
 X - a +2 cloak of willpower
   (You found it on level 12 of the Dungeon)
 Y - a +10 plate armour of fire resistance (worn)
   (You found it on level 3 of the Elven Halls)
Jewellery
 d - an amulet of reflection
   (You found it on level 10 of the Dungeon)
 z - a +6 ring of strength (left hand)
   (You found it on level 3 of the Snake Pit)
 F - a ring of protection from fire
   (You took it off an orc knight on level 1 of the Vaults)
 I - the ring "Hodinus" {Fly rC+}
   (You found it on level 3 of the Elven Halls)

   [ring of flight]

   rC:        It protects you from cold.
   Fly:       It grants you flight.
 K - the amulet of Syndicalism (around neck) {rElec rF+ Regen+ Slay+6}
   (You found it on level 3 of the Elven Halls)

   [amulet of regeneration]

   Slay:      It affects your accuracy & damage with ranged weapons and melee
   (+6).
   rF:        It protects you from fire.
   rElec:     It insulates you from electricity.
   Regen:     It increases your rate of health regeneration.
 W - the ring of Egiribb {*Slow rElec rF+ rN+ MP+9}
   (You found it on level 4 of the Shoals)

   [ring of positive energy]

   rF:        It protects you from fire.
   rElec:     It insulates you from electricity.
   rN:        It protects you from negative energy.
   MP:        It affects your magic capacity (+9).
   *Slow:     It may slow you when you take damage.
 Z - a +4 ring of slaying (right hand)
   (You found it on level 7 of the Dungeon)
Wands
 f - a wand of flame (35)
   (You found it on level 12 of the Dungeon)
 i - a wand of polymorph (14)
   (You found it on level 1 of the Shoals)
 o - a wand of roots (18)
   (You bought it in a shop on level 2 of the Orcish Mines)
 u - a wand of paralysis (27)
   (You found it on level 6 of the Dungeon)
 D - a wand of digging (17)
   (You took it off an orc on level 11 of the Dungeon)
 L - a wand of quicksilver (6)
   (You found it in a wizard's laboratory)
 U - a wand of mindburst (12)
   (You found it on level 6 of the Dungeon)
Scrolls
 e - 4 scrolls of magic mapping
 m - 6 scrolls of noise {!r}
 p - 8 scrolls of immolation {!r}
 r - 8 scrolls of fear
 t - 25 scrolls of teleportation {@r4}
 C - 4 scrolls of silence
 E - 7 scrolls of fog
 G - 5 scrolls of poison {!r}
 M - 8 scrolls of blinking
 T - 4 scrolls of brand weapon
Potions
 g - 12 potions of flight
 j - 3 potions of might
 l - 12 potions of lignification {!q}
 n - 3 potions of invisibility
 s - 9 potions of heal wounds {@q2}
 w - 2 potions of cancellation
 x - 17 potions of curing {@q1}
 B - 4 potions of mutation {!q}
 R - 8 potions of haste {@q3}
Miscellaneous
 q - a condenser vane (inert)
   (You found it on level 3 of the Elven Halls)
 H - a phial of floods
   (You found it on level 3 of the Lair of Beasts)
 Q - a tin of tremorstones (1/2)
   (You found it on level 3 of the Shoals)


   Skills:
 + Level 20.1(25.1) Fighting
 + Level 25.2(27) Axes
 + Level 19.5(24.5) Ranged Weapons
 - Level 9.8(14.8) Throwing
 - Level 13.3(18.3) Armour
 - Level 10.7(15.7) Dodging
 - Level 9.9(14.9) Stealth
 - Level 3.6(8.6) Shields
 * Level 4.6 Hexes
 + Level 6.2 Translocations
 + Level 15.8 Invocations
 - Level 10.0 Evocations


You had 16 spell levels left.
You knew the following spells:

 Your Spells              Type           Power      Damage    Failure   Level
a - Portal Projectile     Hex/Tloc       36%        N/A       28%         3
b - Blink                 Tloc           42%        N/A       11%         2
c - Apportation           Tloc           42%        N/A       7%          1

Your spell library contained the following spells:

 Spells                   Type           Power      Damage    Failure   Level
 Gell's Gravitas          Tloc           21%        N/A       22%         3
 Lesser Beckoning         Tloc           42%        N/A       22%         3
 Teleport Other           Tloc           21%        N/A       22%         3
 Momentum Strike          Conj/Tloc      20%        3d8       36%         2
 Ensorcelled Hibernation  Hex/Ice        14%        N/A       47%         2
 Passage of Golubria      Tloc           21%        N/A       56%         4
 Beastly Appendage        Tmut           0%         N/A       65%         1
 Foxfire                  Conj/Fire      0%         2x1d4     65%         1
 Magic Dart               Conj           0%         1d3       65%         1
 Sting                    Tmut/Pois      0%         1d3       65%         1
 Dazzling Flash           Conj/Hex       14%        N/A       71%         3
 Inner Flame              Hex/Fire       7%         N/A       71%         3
 Kindle Blastsparks       Fire/Tloc/Air  14%        2d11      75%         3
 Cigotuvi's Dreadful Rot  Necr/Pois/Air  0%         N/A       80%         2
 Passwall                 Tmut/Erth      0%         N/A       80%         2
 Poisonous Vapours        Pois/Air       0%         N/A       80%         2
 Scorch                   Fire           0%         2d5       80%         2
 Searing Ray              Conj           0%         2d4       80%         2
 Wereblood                Tmut           0%         N/A       80%         2
 Cause Fear               Hex            7%         N/A       80%         4
 Iskenderun's Mystic Bla  Conj/Tloc      10%        2d4       94%         4
 Ignite Poison            Fire/Tmut/Pois 0%         N/A       95%         3
 Mephitic Cloud           Conj/Pois/Air  0%         N/A       95%         3
 Ozocubu's Armour         Ice            0%         N/A       95%         3
 Spider Form              Tmut/Pois      0%         N/A       95%         3
 Stone Arrow              Conj/Erth      0%         3d7       95%         3
 Swiftness                Air            0%         N/A       95%         3
 Anguish                  Hex/Necr       3%         N/A       98%         4
 Fulminant Prism          Conj/Hex       3%         3d5       98%         4
 Leda's Liquefaction      Hex/Erth       3%         N/A       98%         4
 Flame Wave               Conj/Fire      0%         2d4       100%        4
 Olgreb's Toxic Radiance  Pois           0%         N/A       100%        4
 Petrify                  Tmut/Erth      0%         N/A       100%        4
 Alistair's Intoxication  Tmut/Pois      0%         N/A       100%        5
 Borgnjor's Vile Clutch   Necr/Erth      0%         N/A       100%        5
 Freezing Cloud           Conj/Ice/Air   0%         6-21      100%        5
 Iskenderun's Battlesphe  Conj           0%         2d6       100%        5
 Lee's Rapid Deconstruct  Erth           0%         3d4*      100%        5
 Metabolic Englaciation   Hex/Ice        3%         N/A       100%        5
 Yara's Violent Unravell  Hex/Tmut       3%         3d4       100%        5
 Dispersal                Tloc           10%        N/A       100%        6
 Iron Shot                Conj/Erth      0%         9d1       100%        6
 Starburst                Conj/Fire      0%         6d3       100%        6
 Statue Form              Tmut/Erth      0%         N/A       100%        6
 Dragon Form              Tmut           0%         N/A       100%        7
 Storm Form               Tmut/Air       0%         N/A       100%        7
 Discord                  Hex            7%         N/A       100%        8
 Ignition                 Fire           0%         3d3       100%        8
 Lehudib's Crystal Spear  Conj/Erth      0%         10d2      100%        8
 Maxwell's Capacitive Co  Air            0%         ∞         100%        8
 Polar Vortex             Ice            0%         N/A       100%        9
 Tukima's Dance           Hex            Unusable   N/A       N/A         3
 Call Imp                 Summ           Unusable   N/A       N/A         2
 Call Canine Familiar     Summ           Unusable   N/A       N/A         3
 Animate Armour           Summ/Erth      Unusable   N/A       N/A         4
 Animate Dead             Necr           Unusable   N/A       N/A         4
 Summon Lightning Spire   Summ/Air       Unusable   N/A       N/A         4
 Death Channel            Necr           Unusable   N/A       N/A         6
 Simulacrum               Ice/Necr       Unusable   N/A       N/A         6
 Summon Cactus Giant      Summ           Unusable   N/A       N/A         6
 Spellforged Servitor     Conj/Summ      Unusable   N/A       N/A         7
 Dragon's Call            Summ           Unusable   N/A       N/A         9

Dungeon Overview and Level Annotations

Branches:
Dungeon (15/15)            Temple (1/1) D:5            Lair (5/5) D:9
 Shoals (4/4) Lair:2        Snake (4/4) Lair:3        Slime (5/5) Lair:5
    Orc (2/2) D:12            Elf (3/3) Orc:2        Vaults (4/5) D:14
  Crypt (3/3) Vaults:3       Tomb (1/3) Crypt:3      Depths (0/4) D:15
Ossuary (visited)          Bailey (visited)           IceCv (visited)
 WizLab (visited)         Gauntlet (visited)

Altars:
Cheibriados
Elyvilon
Fedhas
Gozag
Hepliaklqana
Kikubaaqudgha
Makhleb
Nemelex Xobeh
Okawaru
Qazlal
Sif Muna
Trog
Uskayaw
Vehumet
Wu Jian
Xom
Yredelemnul
Jiyva

Shops:
D:6 =([   D:14 *   Orc:1 *   Orc:2 (*!:   Shoals:1 ((   Shoals:2 *   Vaults:1 (
Vaults:2 ?

Annotations:
D:9 1 runed translucent door
Elf:2 2 runed translucent doors


Innate Abilities, Weirdness & Mutations

You have a pair of horns on your head.
You reflexively headbutt those who attack you in melee.
Your skin changes colour to match your surroundings (Stealth+).
You possess an exceptional clarity of mind.
Your mind is acute. (Int +4, Str/Dex -1)
Your flesh is cold resistant. (rC+)
You are frail. (-10% HP)


Message History

* * * LOW HITPOINT WARNING * * *
The acid corrodes you!
You are splashed with acid.
You resist.
* * * LOW HITPOINT WARNING * * *
The acid blob is engulfed in freezing vapours.
The acid blob hits you!!
* * * LOW HITPOINT WARNING * * *
The acid corrodes you!
You are splashed with acid.
You resist.
* * * LOW HITPOINT WARNING * * *
The azure jelly is engulfed in freezing vapours.
The azure jelly hits you but does no damage. x3
The azure jelly barely misses you.
The azure jelly is engulfed in freezing vapours.
The azure jelly misses you. The azure jelly barely misses you.
The azure jelly hits you but does no damage.
The azure jelly barely misses you.
The acid blob is engulfed in freezing vapours.
The acid blob hits you but does no damage.
The tremorstone explodes into fragments!
The burst of rock shards engulfs the azure jelly!
The burst of rock shards engulfs the acid blob!!
The burst of rock shards engulfs the azure jelly!
The burst of rock shards engulfs you but does no damage.
The burst of rock shards engulfs the acid blob!!
The burst of rock shards engulfs the azure jelly! x2
The burst of rock shards engulfs the acid blob!!
The burst of rock shards engulfs the azure jelly! x2
The burst of rock shards engulfs the azure jelly!!
You kill the azure jelly!
That felt strangely unrewarding.
The burst of rock shards engulfs the azure jelly!
You kill the azure jelly!
That felt strangely unrewarding.
The burst of rock shards engulfs the acid blob!
You kill the acid blob!
That felt strangely unrewarding.
The burst of rock shards engulfs you but does no damage.
The azure jelly is engulfed in freezing vapours.
The azure jelly hits you.
* * * LOW HITPOINT WARNING * * *
The azure jelly freezes you! You resist.
* * * LOW HITPOINT WARNING * * *
The azure jelly hits you.
* * * LOW HITPOINT WARNING * * *
The azure jelly freezes you! You resist.
* * * LOW HITPOINT WARNING * * *
The azure jelly completely misses you.
The azure jelly hits you but does no damage.
The acid blob is engulfed in freezing vapours.
The acid blob hits you!!
You die...

###.#...
##......
....#.##
##......##
#........#
#.§§§§§.##
##§§§J§..###
#.§§@§§....#
#.§JJJ§.....
#.§§§#§##..#
##....... #
#.... .#.
........ #
##..... ##
###...#


You could see 2 acid blobs and 2 azure jellies.

Vanquished Creatures
  the Royal Jelly (Slime:5)
  Dissolution (Slime:5)
  Head Instructor (Arena)
  A curse toe (Crypt:3)
  Nikola (Arena)
  A profane servitor (Crypt:3)
  Zenata (Vaults:3)
  3 liches
  2 Ice Fiends (IceCv)
  A quicksilver dragon (WizLab)
  11 acid blobs
  3 deep elf master archers (Elf:3)
  A kraken (Shoals:2)
  9 sphinxes
  A tengu reaver (Vaults:3)
  7 ancient champions
  Roxanne (Elf:1)
  5 azure jellies
  5 rockslimes
  8 nagarajas
  3 revenants
  11 vault wardens
  A draconian knight (WizLab)
  Aizul (Arena)
  Louise (Elf:1)
  7 deep elf sorcerers
  A juggernaut zombie (Crypt:3)
  3 curse skulls
  7 deep elf elementalists (Elf:3)
  3 ghouls (Crypt:1)
  3 orc warlords
  2 war gargoyles
  A reaper (Crypt:3)
  8 ironbound thunderhulks
  2 quicksilver oozes (Slime:5)
  11 ironbound preservers
  5 very ugly things
  3 deep elf demonologists (Elf:3)
  4 minotaurs
  6 deep elf annihilators
  9 vampire knights
  Azrael (D:12)
  14 dire elephants
  Snorg (D:11)
  An acid blob zombie (Crypt:2)
  8 deep elf death magi
  7 merfolk impalers
  4 eidola
  7 deep elf high priests (Elf:3)
  2 merfolk javelineers
  An entropy weaver (Vaults:3)
  Josephine (Orc:1)
  2 mummy priests (Tomb:1)
  2 crystal guardians
  11 great orbs of eyes
  2 spriggan zombies (Crypt:2)
  12 jiangshi
  9 yaktaur captains
  Fannar (D:10)
  4 salamander tyrants
  2 caustic shrike simulacra (IceCv)
  An alligator snapping turtle (Shoals:4)
  6 hydras
  6 vault guards
  7 ogre magi
  6 catoblepae
  2 merfolk avatars
  2 peacekeepers
  16 anacondas
  A fenstrider witch skeleton (Crypt:2)
  3 spriggan skeletons
  Erica (Orc:1)
  6 centaur warriors
  4 death knights
  12 dancing weapons
  5 ironbound frosthearts
  4 merfolk aquamancers
  10 two-headed ogres
  6 boulder beetles
  A deep troll shaman (D:14)
  4 death scarabs (Tomb:1)
  5 death yaks (Lair:5)
  26 naga warriors
  12 satyrs
  A quicksilver ooze zombie (Crypt:1)
  A deep troll earth mage (Vaults:1)
  16 vampire magi
  Nergalle (Lair:3)
  15 shock serpents
  10 naga sharpshooters
  3 hell knights
  A soul eater (Crypt:2)
  Urug (D:10)
  8 deep elf knights
  Sonja (D:12)
  10 salamander mystics
  Amaemon (Lair:3)
  2 shadow wraiths (Crypt:3)
  22 deep trolls
  15 skeletal warriors
  An iron troll (D:14)
  A deep troll (shapeshifter) (D:15)
  2 bunyip skeletons
  9 phantasmal warriors
  10 sea snakes
  2 glowing orange brains
  2 obsidian statues (IceCv)
  3 spriggan simulacra
  6 deep elf archers
  13 lindwurms
  8 naga ritualists
  4 flayed ghosts
  13 ironbound convokers
  An iron giant skeleton (Crypt:2)
  32 harpies
  8 wizards
  2 bog bodies (IceCv)
  18 deep elf zephyrmancers
  4 shining eyes
  A wolf spider (Vaults:3)
  7 necromancers
  11 mana vipers
  60 slime creatures
  8 orc knights
  A stone giant zombie (Crypt:3)
  12 ugly things
  2 orc sorcerers
  22 manticores
  A sphinx skeleton (Crypt:1)
  23 deep elf pyromancers
  An oklob plant (D:8)
  30 fauns
  35 salamanders
  A salamander (shapeshifter) (Elf:2)
  10 cyclopes
  35 black mambas
  Maurice (D:13)
  7 merfolk sirens
  3 goliath frog skeletons
  A stone giant skeleton (Crypt:2)
  2 eyes of devastation
  10 guardian serpents
  27 elephants
  An orange demon (Lair:3)
  16 vault sentinels
  26 naga magi
  A torpor snail (Lair:5)
  An elephant slug zombie (Crypt:2)
  6 water nymphs
  An ice statue (D:9)
  10 cane toads
  A gargoyle (D:12)
  An unseen horror (D:12)
  Psyche (D:9)
  7 komodo dragons
  2 efreet (D:14)
  A minotaur skeleton (Crypt:2)
  5 tengu conjurers
  12 freezing wraiths
  38 yaktaurs
  2 bunyip simulacra
  A minotaur zombie (Gauntlet)
  A golden dragon simulacrum (IceCv)
  A death yak skeleton (Crypt:2)
  An ice devil (IceCv)
  An orb spider zombie (Crypt:2)
  14 trolls
  2 guardian mummies (Tomb:1)
  A yellow draconian skeleton (Crypt:1)
  8 wind drakes
  24 merfolk
  A harpy skeleton (Crypt:2)
  A polar bear (Lair:5)
  3 meliai (D:13)
  2 harpy zombies
  A hornet (D:11)
  A wolf spider simulacrum (D:15)
  A raiju (Gauntlet)
  11 blink frogs
  13 snapping turtles
  3 air elementals
  11 flying skulls
  A stone giant simulacrum (Crypt:2)
  4 shadows
  A centaur simulacrum (D:15)
  A fire dragon skeleton (Crypt:1)
  6 vampires
  3 wyverns
  A spriggan (shapeshifter) (D:14)
  2 ushabtiu (Tomb:1)
  61 yaks
  10 wraiths
  The ghost of Darkkill the Shooter, an amateur MiHu (D:4)
  4 golden eyes (Slime:1)
  A human (D:14)
  6 basilisks
  19 water elementals
  5 fire elementals
  A steam dragon (Gauntlet)
  15 vampire mosquitoes
  A two-headed ogre zombie (Crypt:1)
  54 nagas
  4 wargs
  5 hydra simulacra
  2 acid dragons
  A deep troll zombie (Crypt:3)
  3 hell hounds (D:12)
  Duvessa (D:6)
  A glowing shapeshifter skeleton (Crypt:2)
  2 naga skeletons
  20 water moccasins
  25 orc warriors
  2 black bears
  3 ettin simulacra (IceCv)
  An alligator simulacrum (IceCv)
  23 ogres
  2 boggarts
  9 wolves
  19 centaurs
  2 elephant skeletons
  A snapping turtle skeleton (Crypt:3)
  A draconian zombie (Crypt:2)
  2 necrophages (Crypt:1)
  11 bullfrogs
  13 scorpions
  2 earth elementals
  A deep troll simulacrum (IceCv)
  7 wights
  A hornet simulacrum (D:14)
  Dowan (D:6)
  A cyclops skeleton (Crypt:2)
  A killer bee (D:8)
  5 electric eels
  3 howler monkeys
  2 centaur zombies (Ossuary)
  5 jellies
  3 human zombies (Ossuary)
  2 gnoll boudas
  A basilisk zombie (Crypt:3)
  4 hounds
  10 orc priests
  Crazy Yiuf (D:2)
  A bullfrog skeleton (Crypt:1)
  3 scorpion zombies (Ossuary)
  2 iguanas
  23 orc wizards
  A black bear skeleton (Crypt:3)
  13 hell rats
  An ice beast zombie (Crypt:2)
  A howler monkey skeleton (Crypt:2)
  6 mummies
  10 gnolls
  A gnoll (shapeshifter) (Vaults:4)
  6 adders
  2 shadow imps
  A dart slug (D:5)
  A worm (D:2)
  84 orcs
  6 ball pythons
  3 bats
  4 endoplasms
  A giant cockroach (D:2)
  3 gnoll zombies (Ossuary)
  16 goblins
  17 hobgoblins
  7 kobolds
  2 quokkas
  2 frilled lizards
  A frilled lizard skeleton (Crypt:3)
  3 goblin zombies (Ossuary)
  4 hobgoblin zombies
  A jackal skeleton (Crypt:1)
  2 kobold zombies (Ossuary)
  2 orc zombies (Ossuary)
  2 quokka zombies (D:4)
  4 rats
  A bush (D:8)
  3 plants (D:8)
  2 tentacles (Shoals:2)
1828 creatures vanquished.

Vanquished Creatures (others)
  A deep elf sorcerer (Elf:3)
  A deep elf elementalist (Elf:3)
  A deep elf knight (Elf:2)
  A harpy (Shoals:3)
  3 deep elf zephyrmancers (Elf:2)
  A deep elf pyromancer (Elf:2)
  An unseen horror (D:13)
  A boggart (Elf:1)
  19 fungi
  107 plants
  3 tentacles (Shoals:2)
139 creatures vanquished.

Grand Total: 1967 creatures vanquished

Notes
Turn   | Place    | Note
-------+----------+-------------------------------------------
     0 | D:1      | Pooter the Minotaur Fighter began the quest for the Orb.
     0 | D:1      | Reached XP level 1. HP: 19/19 MP: 0/0
   110 | D:1      | Reached skill level 3 in Axes
   169 | D:1      | Reached XP level 2. HP: 27/27 MP: 1/1
   827 | D:2      | Reached XP level 3. HP: 33/33 MP: 2/2
   916 | D:2      | Reached skill level 4 in Axes
  1648 | D:2      | Found a runed translucent door.
  1649 | D:2      | Noticed Crazy Yiuf
  1883 | D:3      | Reached XP level 4. HP: 41/41 MP: 3/3
  2214 | D:3      | Reached skill level 5 in Axes
  2399 | D:3      | Reached XP level 5. HP: 43/47 MP: 4/4
  2604 | D:4      | Noticed Darkkill's ghost (amateur MiHu)
  2611 | D:4      | Found a runed translucent door.
  2625 | D:4      | Reached skill level 5 in Fighting
  2760 | D:4      | Found a sand-covered staircase.
  2767 | Ossuary  | Entered an ossuary
  2836 | Ossuary  | Reached skill level 6 in Axes
  2841 | Ossuary  | Reached XP level 6. HP: 55/56 MP: 5/5
  2879 | Ossuary  | Reached skill level 7 in Axes
  2949 | Ossuary  | Reached XP level 7. HP: 57/63 MP: 6/6
  3017 | Ossuary  | Reached skill level 8 in Axes
  3140 | Ossuary  | Reached skill level 9 in Axes
  3182 | Ossuary  | Reached XP level 8. HP: 63/73 MP: 7/7
  3456 | D:4      | Reached skill level 10 in Axes
  4188 | D:4      | Killed Darkkill's ghost
  4342 | D:5      | Entered Level 5 of the Dungeon
  4508 | D:5      | Reached skill level 11 in Axes
  4838 | D:5      | Found a staircase to the Ecumenical Temple.
  4847 | Temple   | Entered the Ecumenical Temple
  4962 | Temple   | Became a worshipper of Warmaster Okawaru
  5365 | D:6      | Found Xaus's Jewellery Boutique.
  5379 | D:6      | Bought a ring of see invisible for 225 gold pieces
  5381 | D:6      | Found Myxkanie's Antique Weapon Shoppe.
  5754 | D:6      | Found Esecvewo's Armour Shoppe.
  5832 | D:6      | Reached XP level 9. HP: 46/82 MP: 8/8
  6271 | D:6      | Noticed Duvessa
  6271 | D:6      | Noticed Dowan
  6278 | D:6      | Killed Duvessa
  6285 | D:6      | Killed Dowan
  6390 | D:6      | Reached skill level 1 in Invocations
  6868 | D:7      | Reached skill level 12 in Axes
  6868 | D:7      | Reached skill level 1 in Ranged Weapons
  6869 | D:7      | Reached skill level 1 in Evocations
  6939 | D:7      | Reached * piety under Okawaru
  7655 | D:8      | Found a flagged portal.
  7756 | Bailey   | Entered a bailey
  7969 | Bailey   | Reached ** piety under Okawaru
  8306 | Bailey   | Reached skill level 13 in Axes
  8306 | Bailey   | Reached XP level 10. HP: 85/93 MP: 11/11
  9039 | Bailey   | Reached skill level 10 in Fighting
  9391 | Bailey   | Identified the +8 mace "Yllamiod" {speed, rN+ Str+4 Dex+7
                  | SInv Stlth+}
  9905 | D:8      | Found a blossoming altar of Fedhas.
  9926 | D:8      | Noticed an oklob plant
 10589 | D:8      | Reached *** piety under Okawaru
 11065 | D:9      | Found a runed translucent door.
 11079 | D:9      | Noticed an ice statue
 11086 | D:9      | Found a runed translucent door.
 11093 | D:9      | Found a runed translucent door.
 11100 | D:9      | Found a runed translucent door.
 11111 | D:9      | Noticed Psyche
 11152 | D:9      | Killed Psyche
 11153 | D:9      | Reached skill level 14 in Axes
 11292 | D:9      | Noticed a two-headed ogre
 11303 | D:9      | Killed a two-headed ogre
 11304 | D:9      | Reached skill level 5 in Ranged Weapons
 11318 | D:9      | Reached **** piety under Okawaru
 11512 | D:6      | Bought a +3 chain mail of poison resistance for 235 gold
                  | pieces
 11631 | D:9      | Found a staircase to the Lair.
 11654 | D:9      | Reached XP level 11. HP: 101/101 MP: 13/13
 11842 | D:10     | Entered Level 10 of the Dungeon
 11846 | D:10     | Reached skill level 5 in Invocations
 11871 | D:10     | Noticed Fannar
 12025 | D:10     | Killed Fannar
 12028 | D:10     | Received a gift from Okawaru
 12033 | D:10     | Noticed Urug
 12041 | D:10     | Killed Urug
 12041 | D:10     | Reached ***** piety under Okawaru
 12050 | D:10     | Reached skill level 5 in Evocations
 12284 | D:10     | Reached skill level 15 in Axes
 12995 | Lair:1   | Entered Level 1 of the Lair of Beasts
 13039 | Lair:1   | Received a gift from Okawaru
 13977 | Lair:1   | Reached XP level 12. HP: 53/112 MP: 12/15
 14344 | Lair:2   | Reached skill level 16 in Axes
 14621 | Lair:2   | Noticed a seven-headed hydra
 14629 | Lair:2   | Killed a four-headed hydra
 14660 | Lair:2   | Found a staircase to the Shoals.
 15240 | Lair:3   | Found a blossoming altar of Fedhas.
 15244 | Lair:3   | Noticed a boulder beetle
 15255 | Lair:3   | Killed a boulder beetle
 15272 | Lair:3   | Noticed Amaemon
 15278 | Lair:3   | Killed Amaemon
 15308 | Lair:3   | Identified the +7 broad axe of Oker {antimagic, *Rage rPois
                  | rN+ Dex+4} (Okawaru gifted it to you on level 3 of the Lair
                  | of Beasts)
 15308 | Lair:3   | Received a gift from Okawaru
 15431 | Lair:3   | Noticed an eight-headed hydra
 15440 | Lair:3   | Killed a five-headed hydra
 15443 | Lair:3   | Reached skill level 17 in Axes
 15522 | Lair:3   | Noticed a five-headed hydra
 15529 | Lair:3   | Killed a three-headed hydra
 15586 | Lair:3   | Found a staircase to the Snake Pit.
 16044 | Lair:3   | Noticed Nergalle
 16054 | Lair:3   | Killed Nergalle
 16082 | Lair:3   | Noticed a catoblepas
 16093 | Lair:3   | Killed a catoblepas
 16094 | Lair:3   | Reached XP level 13. HP: 114/119 MP: 14/17
 16387 | Lair:3   | Upgraded the game from 0.30-a0-469-g84de5afbc5 to
                  | 0.30-a0-475-g03497ec522
 16398 | Lair:4   | Reached ****** piety under Okawaru
 16492 | Lair:4   | Received a gift from Okawaru
 16492 | Lair:4   | Found the +8 longbow "Zephyr" {speed, Dex+3 SInv}
 17392 | Lair:5   | Entered Level 5 of the Lair of Beasts
 17640 | Lair:5   | Received a gift from Okawaru
 17675 | Lair:5   | Found a viscous altar of Jiyva.
 17675 | Lair:5   | Found a staircase to the Slime Pits.
 18125 | Lair:5   | Reached skill level 18 in Axes
 18455 | Lair:5   | Identified the +0 buckler "Wenue" {rCorr} (Okawaru gifted
                  | it to you on level 5 of the Lair of Beasts)
 18455 | Lair:5   | Received a gift from Okawaru
 18461 | Lair:5   | Reached skill level 10 in Ranged Weapons
 18837 | Lair:5   | Reached XP level 14. HP: 120/129 MP: 17/19
 18959 | Lair:5   | Identified a scroll of acquirement
 18966 | Lair:5   | Acquired the +0 cloak of the Rose {+Blink rElec Dex-4}
 19317 | D:11     | Found a transporter.
 19324 | D:11     | Found a transporter.
 19338 | D:11     | Noticed Snorg
 19348 | D:11     | Killed Snorg
 21200 | D:12     | Noticed Sonja
 21203 | D:12     | Killed Sonja
 21283 | D:12     | Identified the +4 shortbow of the Two Names {flame, rN+}
                  | (Okawaru gifted it to you on level 12 of the Dungeon)
 21283 | D:12     | Received a gift from Okawaru
 21472 | D:12     | Found a staircase to the Orcish Mines.
 21576 | Orc:1    | Entered Level 1 of the Orcish Mines
 21594 | Orc:1    | Noticed Erica
 21602 | D:12     | Reached skill level 19 in Axes
 21716 | D:12     | Noticed Azrael
 21731 | D:12     | Killed Azrael
 22480 | Orc:1    | Killed Erica
 22743 | Orc:1    | Found an iron altar of Okawaru.
 22950 | Orc:1    | Found Efal's Assorted Antiques.
 22958 | Orc:1    | Bought a scroll of enchant weapon for 195 gold pieces
 22958 | Orc:1    | Bought a wand of paralysis (5) for 312 gold pieces
 22958 | Orc:1    | Bought a dented emerald amulet for 130 gold pieces
 23010 | Orc:2    | Entered Level 2 of the Orcish Mines
 23033 | Orc:2    | Identified the +3 longbow of Crystal {freeze, rPois}
                  | (Okawaru gifted it to you on level 2 of the Orcish Mines)
 23033 | Orc:2    | Received a gift from Okawaru
 23042 | Orc:2    | Found Kiwn's Book Shoppe.
 23144 | Orc:2    | Reached skill level 10 in Invocations
 23146 | Orc:2    | Reached XP level 15. HP: 98/139 MP: 21/21
 23155 | Orc:2    | Received a gift from Okawaru
 23162 | Orc:2    | Found Epenicuc's Distillery.
 23168 | Orc:2    | Found Kugotren's Assorted Antiques.
 23169 | Orc:2    | Found Zarghikok's Antique Weapon Shoppe.
 23195 | Orc:2    | Found a gate leading to a gauntlet.
 23200 | Gauntlet | Entered a Gauntlet
 23200 | Gauntlet | Found a transporter.
 23207 | Gauntlet | Found a transporter.
 23216 | Gauntlet | Found a transporter.
 23225 | Gauntlet | Found a transporter.
 23240 | Gauntlet | Found a transporter.
 23305 | Orc:2    | Bought a twisted bronze wand for 84 gold pieces
 23305 | Orc:2    | Bought a scroll labelled LUORUIFAAK for 21 gold pieces
 23353 | Orc:1    | Noticed Josephine
 23363 | Orc:1    | Killed Josephine
 23512 | Orc:2    | Found a staircase to the Elven Halls.
 25155 | Orc:2    | Bought a potion of heal wounds for 70 gold pieces
 25155 | Orc:2    | Bought a potion of curing for 42 gold pieces
 25155 | Orc:2    | Bought 2 potions of heal wounds for 140 gold pieces
 25155 | Orc:2    | Bought a potion of resistance for 140 gold pieces
 25155 | Orc:2    | Bought a potion of curing for 42 gold pieces
 25155 | Orc:2    | Bought a potion of might for 56 gold pieces
 25155 | Orc:2    | Bought a potion of might for 56 gold pieces
 25372 | D:13     | Identified the +8 flail of Greed {vorpal, Str+5}
 25831 | D:13     | Noticed Maurice
 25839 | D:13     | Killed Maurice
 26533 | D:14     | Found Zasut's Assorted Antiques.
 26536 | D:14     | Bought a black potion for 35 gold pieces
 26567 | D:14     | Received a gift from Okawaru
 26568 | D:14     | Reached skill level 20 in Axes
 28072 | D:14     | Found a gate to the Vaults.
 28470 | D:15     | Entered Level 15 of the Dungeon
 28674 | D:15     | Reached skill level 15 in Fighting
 28694 | D:15     | Found a staircase to the Depths.
 28701 | D:15     | Identified the +4 ring mail "Veguisin" {rF++ rC- Int+4}
                  | (Okawaru gifted it to you on level 15 of the Dungeon)
 28701 | D:15     | Received a gift from Okawaru
 29637 | Snake:1  | Entered Level 1 of the Snake Pit
 30960 | Snake:1  | Identified the +0 ring mail "Jisozira" {rC+++}
 30969 | Snake:1  | Reached XP level 16. HP: 130/149 MP: 23/23
 31197 | Snake:1  | Reached skill level 10 in Evocations
 31480 | Snake:2  | HP: 5/149 [naga sharpshooter/bolt (18)]
 31824 | Snake:2  | Gained mutation: Your flesh is cold resistant. (rC+)
                  | [potion of mutation]
 31824 | Snake:2  | Gained mutation: You are partially covered in iridescent
                  | scales. (AC +2) [potion of mutation]
 31864 | Snake:2  | Reached skill level 1 in Dodging
 31889 | Snake:2  | Reached skill level 1 in Stealth
 31894 | Snake:2  | Reached skill level 1 in Throwing
 32005 | Snake:2  | Identified the +4 pair of gloves "Ulagebeuvi" {Regen+ rCorr
                  | Int+4} (Okawaru gifted it to you on level 2 of the Snake
                  | Pit)
 32005 | Snake:2  | Received a gift from Okawaru
 32538 | Snake:2  | Reached skill level 21 in Axes
 32778 | Snake:2  | Acquired 529 gold pieces
 32960 | Snake:2  | Noticed Aizul
 33002 | Arena    | Entered the Arena
 33014 | Arena    | Killed Aizul
 33260 | D:14     | Bought a bone executioner's axe for 585 gold pieces
 33260 | D:14     | Identified the +3 executioner's axe "Nopem" {drain, rC+
                  | Int+2 SInv} (You bought it in a shop on level 14 of the
                  | Dungeon)
 34054 | Snake:3  | Reached skill level 5 in Armour
 35946 | Snake:4  | Entered Level 4 of the Snake Pit
 35992 | Snake:3  | Reached skill level 15 in Ranged Weapons
 36228 | Snake:4  | Received a gift from Okawaru
 36323 | Snake:4  | Reached XP level 17. HP: 122/158 MP: 21/24
 36620 | Snake:4  | Identified the +2 pair of boots of Untruth {rF+ Will+
                  | Str+2} (Okawaru gifted it to you on level 4 of the Snake
                  | Pit)
 36620 | Snake:4  | Received a gift from Okawaru
 37980 | Snake:4  | Reached skill level 5 in Dodging
 38013 | Snake:4  | Reached skill level 22 in Axes
 38114 | Snake:4  | Got a serpentine rune of Zot
 38337 | Snake:4  | Reached skill level 5 in Throwing
 38618 | Shoals:1 | Entered Level 1 of the Shoals
 38979 | D:6      | Bought a ring of flight for 262 gold pieces
 39198 | Shoals:1 | You are sucked into a shaft and drop 1 floor!
 39289 | Shoals:2 | Reached XP level 18. HP: 168/168 MP: 26/26
 39429 | Shoals:3 | Found a frozen archway.
 39439 | Shoals:3 | Received a gift from Okawaru
 39448 | IceCv    | Entered an ice cave
 39596 | IceCv    | Reached skill level 5 in Stealth
 39722 | IceCv    | Received a gift from Okawaru
 39796 | IceCv    | Noticed an Ice Fiend
 39796 | IceCv    | Noticed an Ice Fiend
 39811 | IceCv    | Killed an Ice Fiend
 39811 | IceCv    | Killed an Ice Fiend
 40140 | Shoals:4 | Entered Level 4 of the Shoals
 40297 | Shoals:4 | Received a gift from Okawaru
 40452 | Shoals:4 | Upgraded the game from 0.30-a0-475-g03497ec522 to
                  | 0.30-a0-476-g330ca2eb8e
 40452 | Shoals:4 | Identified the +10 executioner's axe of the Usurping Priest
                  | {flame, +Blink rC- Str+5}
 40464 | Shoals:4 | Identified the +6 battleaxe of Kanuv {flame, rC+ rCorr
                  | Stlth+}
 40944 | Shoals:4 | Received a gift from Okawaru
 42783 | Shoals:4 | Identified the ring of Egiribb {*Slow rElec rF+ rN+ MP+9}
 42786 | Shoals:4 | Got a barnacled rune of Zot
 43636 | Shoals:2 | Received a gift from Okawaru
 43820 | Shoals:2 | Found Atuffeh's General Store.
 43833 | Shoals:2 | Bought a scroll of enchant weapon for 97 gold pieces
 43833 | Shoals:2 | Bought 2 potions of invisibility for 208 gold pieces
 44271 | Shoals:2 | Reached skill level 23 in Axes
 44657 | Shoals:3 | Reached XP level 19. HP: 172/177 MP: 24/27
 44657 | Shoals:3 | Noticed Nikola
 44667 | Arena    | Entered the Arena
 44672 | Arena    | Killed Nikola
 45461 | Shoals:1 | Found Zeuryasew's Antique Weapon Emporium.
 46024 | Shoals:1 | Found Tyrocwo's Weapon Emporium.
 46457 | Elf:1    | Entered Level 1 of the Elven Halls
 47522 | Elf:1    | Found a radiant altar of Vehumet.
 47586 | Elf:1    | Received a gift from Okawaru
 47756 | Elf:1    | Noticed Roxanne
 47769 | Elf:1    | Killed Roxanne
 48008 | Elf:1    | Paralysed by an air elemental for 1 turns
 48198 | Elf:1    | Noticed Louise
 48227 | Elf:1    | Killed Louise
 48297 | Elf:1    | Got the Compilation of Damage Dealing
 48813 | Elf:2    | Identified the +0 pair of gloves of the Distant Future {rC-
                  | Dex+3 SInv} (Okawaru gifted it to you on level 2 of the
                  | Elven Halls)
 48813 | Elf:2    | Received a gift from Okawaru
 49284 | Elf:2    | Found a runed translucent door.
 49308 | Elf:2    | Found a runed translucent door.
 49522 | Elf:2    | Paralysed by an air elemental for 1 turns
 50065 | Elf:3    | Entered Level 3 of the Elven Halls
 50120 | Elf:3    | Paralysed by an air elemental for 1 turns
 50856 | Elf:3    | Reached skill level 10 in Armour
 50883 | Elf:3    | Reached XP level 20. HP: 114/185 MP: 23/29
 51724 | Elf:3    | Identified the +6 longbow of Cerphuce {drain, rN+ Str+3}
 51786 | Elf:3    | Identified the +1 cloak "Qinic" {Int+3}
 51857 | Elf:3    | Identified the amulet of Syndicalism {rElec rF+ Regen+
                  | Slay+6}
 51877 | Elf:3    | Identified the +4 longbow of Slime {flame, Contam Str+7
                  | SInv}
 51880 | Elf:3    | Identified the ring "Hodinus" {Fly rC+}
 51892 | Elf:3    | Identified the +10 falchion "Gecent" {freeze, Int+2 Stlth+}
 51895 | Elf:3    | Found the +5 sword of Power {vorpal}
 51939 | Elf:3    | Got Teheloti's Parchment of Breezy Attendants
 51942 | Elf:3    | Identified the +6 flail of Anger {flame, Dex+4}
 51961 | Elf:3    | Got the Exposition on the Volcanoes and Hypothermia
 52478 | D:2      | Killed Crazy Yiuf
 52960 | Slime:1  | Entered Level 1 of the Pits of Slime
 52967 | Slime:1  | Received a gift from Okawaru
 52981 | Slime:1  | Reached skill level 24 in Axes
 54876 | Vaults:1 | Entered Level 1 of the Vaults
 54986 | D:14     | Identified the +7 chain mail of Yroroc {rC- Regen+ Dex+5
                  | Stlth+} (Okawaru gifted it to you on level 14 of the
                  | Dungeon)
 54986 | D:14     | Received a gift from Okawaru
 55205 | Vaults:1 | Identified the +7 flail "Repuis" {vorpal, +Blink Will-
                  | Str+7}
 55501 | Vaults:1 | Found Mumag's Antique Weapon Emporium.
 56355 | Vaults:1 | Lost mutation: You are partially covered in iridescent
                  | scales. (AC +2) [potion of mutation]
 56355 | Vaults:1 | Lost mutation: Your flesh is cold resistant. (rC+) [potion
                  | of mutation]
 56355 | Vaults:1 | Gained mutation: You have sharp toenails. [potion of
                  | mutation]
 56355 | Vaults:1 | Gained mutation: Your spells are a little easier to cast,
                  | but a little less powerful. [potion of mutation]
 56356 | Vaults:1 | Lost mutation: You have sharp toenails. [potion of
                  | mutation]
 56356 | Vaults:1 | Lost mutation: Your spells are a little easier to cast, but
                  | a little less powerful. [potion of mutation]
 56356 | Vaults:1 | Gained mutation: Your mind is acute. (Int +4, Str/Dex -1)
                  | [potion of mutation]
 56356 | Vaults:1 | Gained mutation: You have large cloven feet. [potion of
                  | mutation]
 56356 | Vaults:1 | Gained mutation: You are weak. (Str -2) [potion of
                  | mutation]
 56357 | Vaults:1 | Lost mutation: You have large cloven feet. [potion of
                  | mutation]
 56357 | Vaults:1 | Lost mutation: Your mind is acute. (Int +4, Str/Dex -1)
                  | [potion of mutation]
 56357 | Vaults:1 | Lost mutation: You are weak. (Str -2) [potion of mutation]
 56357 | Vaults:1 | Gained mutation: You sometimes lose your temper in combat.
                  | [potion of mutation]
 56357 | Vaults:1 | Gained mutation: You expend magic power (3 MP) to
                  | strengthen your wands. [potion of mutation]
 56358 | Vaults:1 | Lost mutation: You expend magic power (3 MP) to strengthen
                  | your wands. [potion of mutation]
 56358 | Vaults:1 | Lost mutation: You sometimes lose your temper in combat.
                  | [potion of mutation]
 56358 | Vaults:1 | Gained mutation: You expend magic power (3 MP) to
                  | strengthen your wands. [potion of mutation]
 56358 | Vaults:1 | Gained mutation: You sometimes lose your temper in combat.
                  | [potion of mutation]
 56359 | Vaults:1 | Lost mutation: You expend magic power (3 MP) to strengthen
                  | your wands. [potion of mutation]
 56359 | Vaults:1 | Lost mutation: You sometimes lose your temper in combat.
                  | [potion of mutation]
 56359 | Vaults:1 | Gained mutation: You possess an exceptional clarity of
                  | mind. [potion of mutation]
 56359 | Vaults:1 | Gained mutation: You have hidden genetic potential. [potion
                  | of mutation]
 56359 | Vaults:1 | Gained mutation: Your skin changes colour to match your
                  | surroundings (Stealth+). [potion of mutation]
 56360 | Vaults:1 | Upgraded the game from 0.30-a0-476-g330ca2eb8e to
                  | 0.30-a0-509-gd016549fea
 56388 | Vaults:2 | Found Hyonleg's Magic Scroll Shoppe.
 56576 | Vaults:2 | Bought a scroll of immolation for 44 gold pieces
 56576 | Vaults:2 | Bought a scroll of blinking for 82 gold pieces
 56576 | Vaults:2 | Bought a scroll of enchant armour for 82 gold pieces
 56576 | Vaults:2 | Bought a scroll of fog for 44 gold pieces
 56576 | Vaults:2 | Bought a scroll of enchant armour for 82 gold pieces
 56576 | Vaults:2 | Bought a scroll of enchant weapon for 82 gold pieces
 56576 | Vaults:2 | Bought a scroll of fog for 44 gold pieces
 57197 | Vaults:2 | Identified the +1 pair of boots of Saugijoe {Harm Str+4
                  | Int+4}
 57547 | Vaults:2 | Reached skill level 10 in Dodging
 58216 | Vaults:2 | Received a gift from Okawaru
 58438 | Vaults:2 | Received a gift from Okawaru
 58603 | Vaults:3 | Reached XP level 21. HP: 175/195 MP: 30/30
 58609 | Vaults:3 | Identified the +4 ring mail "Ikuhucvato" {Rampage rPois
                  | Dex+4} (Okawaru gifted it to you on level 3 of the Vaults)
 58609 | Vaults:3 | Received a gift from Okawaru
 59533 | Vaults:3 | Found a staircase to the Crypt.
 60105 | Crypt:1  | Entered Level 1 of the Crypt
 60231 | Crypt:1  | Found a magical portal.
 60240 | WizLab   | Entered Yara's Duelist Academy
 61914 | WizLab   | Noticed Hikoicyze
 61917 | Arena    | Entered the Arena
 61921 | Arena    | Killed Hikoicyze the Head Instructor
 62397 | WizLab   | Learned a level 1 spell: Apportation
 62771 | Crypt:1  | Reached skill level 1 in Translocations
 62805 | Crypt:1  | Identified the +12 long sword "Cubedewn" {flame, rPois
                  | rCorr Str-3 SInv}
 63354 | Crypt:1  | Gained mutation: Your mind is acute. (Int +4, Str/Dex -1)
                  | [hidden potential]
 64336 | Crypt:2  | Received a gift from Okawaru
 64537 | Crypt:2  | Received a gift from Okawaru
 64573 | Crypt:2  | Found a basalt altar of Yredelemnul.
 65183 | Crypt:3  | Entered Level 3 of the Crypt
 65196 | Crypt:3  | Received a gift from Okawaru
 65392 | Crypt:3  | Found a staircase to the Tomb.
 65415 | Crypt:3  | Received a gift from Okawaru
 65616 | Crypt:3  | Reached XP level 22. HP: 202/204 MP: 32/32
 65881 | Crypt:3  | Received a gift from Okawaru
 66004 | Crypt:3  | Received a gift from Okawaru
 66009 | Crypt:3  | Reached skill level 15 in Invocations
 66071 | Crypt:3  | Found a basalt altar of Yredelemnul.
 66071 | Crypt:3  | Noticed a curse toe
 66080 | Crypt:3  | Received a gift from Okawaru
 66082 | Crypt:3  | Killed a curse toe
 66214 | Crypt:3  | Found an ancient bone altar of Kikubaaqudgha.
 66291 | Crypt:3  | Identified the +4 hand axe of Overwhelming Force {venom,
                  | Int+2}
 66362 | Tomb:1   | Entered Level 1 of the Tomb of the Ancients
 67211 | Vaults:3 | Noticed Zenata
 67223 | Vaults:3 | Killed Zenata
 67224 | Vaults:3 | Reached skill level 5 in Translocations
 67233 | Vaults:3 | Learned a level 2 spell: Blink
 67237 | Vaults:3 | Learned a level 3 spell: Portal Projectile
 67293 | Vaults:3 | Received a gift from Okawaru
 67299 | Vaults:3 | Reached skill level 1 in Hexes
 67560 | Vaults:3 | Identified the +2 hat of the Learner {Stlth+}
 67579 | Vaults:3 | Found a radiant altar of Vehumet.
 67661 | Vaults:3 | Paralysed by a great orb of eyes for 2 turns
 67739 | Vaults:3 | Gained mutation: Your flesh is cold resistant. (rC+)
                  | [hidden potential]
 67739 | Vaults:3 | Lost mutation: You have hidden genetic potential. [hidden
                  | potential expressed]
 67952 | Vaults:3 | Upgraded the game from 0.30-a0-509-gd016549fea to
                  | 0.30-a0-528-g8c47a4955b
 68356 | Vaults:4 | Reached skill level 25 in Axes
 71056 | Slime:4  | Reached XP level 23. HP: 215/215 MP: 33/33
 71276 | Slime:5  | Entered Level 5 of the Pits of Slime
 71311 | Slime:5  | Gained mutation: You are frail. (-10% HP) [a shining eye]
 71418 | Slime:5  | Noticed Dissolution
 71420 | Slime:5  | Noticed the Royal Jelly
 71438 | Slime:5  | Killed Dissolution
 71440 | Slime:5  | Killed the Royal Jelly
 71444 | Slime:4  | HP: 2/193 [azure jelly[the Royal Jelly] (14)]
 71444 | Slime:4  | Annihilated by an acid blob

Illustrated notes

Levels and vault maps discovered:
D:1:      noname_arrival_rooms_in_the_neighbourhood, layout_basic,
          kennysheep_pointless_box, dreamdust_princess_corridor
D:2:      minmay_chambers_of_ones, layout_basic, minmay_tromino_v7,
          uniq_crazy_yiuf_cottage
D:3:      cheibrodos_greedy_goblins, layout_basic
D:4:      layout_loops_corners, hellmonk_ghost_happy_afterlife, enter_ossuary_4,
          minivault_19
D:5:      layout_basic, minmay_temple_entry_antechambers
D:6:      layout_layer_cave, serial_shops, nicolae_shop_waterfront, shop,
          nicolae_shop_hallway_stairs, uniq_duvessa
D:7:      layout_basic
D:8:      layout_loops_ring, tgw_fedhas, enter_bailey_4
D:9:      layout_rooms, minmay_lair_entry_grove, minmay_statue_crystal_thing,
          uniq_psyche
D:10:     layout_loops_cross, uniq_fannar, uniq_urug
D:11:     layout_basic, nicolae_diode_stairs, uniq_snorg
D:12:     layout_rooms, erik_orc_3, kennysheep_small_circle, uniq_azrael,
          uniq_sonja
D:13:     layout_basic, uniq_maurice
D:14:     layout_stronghold, grunt_vaults_entry_fortified, serial_shops,
          kennysheep_mini, minmay_misc_feat_secret_circle
D:15:     hangedman_depths_entry_try_elsewhere_first, layout_loops_ring
Temple:   mainiacjoe_temple_hex_bubbles
Lair:1:   layout_gridlike, infiniplex_staircase_pool, serial_bayou_shore_a
Lair:2:   layout_cave_pods, minmay_shoals_entry_centaurs, grunt_megastairs_3
Lair:3:   layout_long_grid, guppyfry_snake_entry_garden, basic_altar,
          eino_small_chamber_without_monster, grunt_forest_stairs_basic,
          chequers_serial_rivers_large_b, minivault_26, uniq_amaemon,
          uniq_nergalle
Lair:4:   layout_regular_city, lemuel_fruit_tree
Lair:5:   evilmike_catoblepas_cave, layout_cave_pods,
          minmay_slime_entry_pillars, eino_small_chamber_without_monster,
          grunt_megastairs_4
Shoals:1: layout_shoals, serial_shops, shop, shop
Shoals:2: layout_shoals, serial_shops, nicolae_shop_advertising_works
          [nicolae_subvault_shop_adworks]
Shoals:3: layout_shoals, portal_ice_cave_entry_pillars_1, uniq_nikola
Shoals:4: shoals_end_hellmonk_lost_city
Snake:1:  layout_basic, st_stairs_2
Snake:2:  nicolae_aizul_guard, layout_onion_interference
Snake:3:  layout_layer_cave, serial_bayou_shore_b
Snake:4:  snake_pit_salamanders_mu, layout_onion_interference,
          grunt_megastairs_5
Slime:1:  layout_caves
Slime:2:  cheibrodos_slime_lost_civilization_2, layout_caves
Slime:3:  layout_caves
Slime:4:  layout_caves
Slime:5:  uniq_dissolution
Orc:1:    layout_caves, serial_shops, shop, okawaru_metal_pillars_1_2,
          uniq_erica, uniq_josephine
Orc:2:    st_orc_open, layout_caves, gauntlet_entry_generic
Elf:1:    eino_elf_arrival_altar, layout_onion_city, minmay_elf_annihilation,
          hangedman_elf_disciples, uniq_roxanne, uniq_louise
Elf:2:    nicolae_elf_blades_splatter_lattice
          [nicolae_blade_entry_splitting_headache], layout_geoelf_octagon,
          uniq_asterion
Elf:3:    minmay_elf_hall_hex, layout_geoelf_castle
Vaults:1: portal_desolation_entry_garden, ontoclasm_vaults_twist,
          nicolae_vaults_circle_grid_b, grunt_vaults_bifocal,
          vaults_dpeg_diagonal, v_misc_33, vaults_room_stairs_pillars,
          ontoclasm_vaults_water_temple, nicolae_vaults_network_star,
          ontoclasm_vaults_eye, vaults_room_semicircle, nicolae_vaults_alarming,
          ontoclasm_vaults_gateway, layout_vaults_ring, serial_shops,
          nicolae_diamond_shop
Vaults:2: dpeg_vaults_monster_row, v_misc_30, ontoclasm_vaults_spin,
          nicolae_vaults_disjoint_gnomons, ontoclasm_vaults_loading_screen,
          hangedman_vaults_locks, v_misc_15, layout_vaults_omnigrid,
          serial_shops, shop
Vaults:3: grunt_tower_of_power, v_rooms_3, minmay_crypt_entry_simple_corners,
          v_rooms_5, v_pattern_2, vaults_room_pool,
          nicolae_vaults_three_branches, v_misc_4, vaults_dpeg_ring,
          ontoclasm_vaults_loading_screen, dpeg_vaults_monster_box,
          layout_vaults_omnicross, uniq_zenata
Vaults:4: nicolae_vaults_little_squares_2, grunt_vaults_hallway_short,
          v_misc_14, ontoclasm_vaults_claustrophobia,
          hangedman_vaults_river_flow, st_spiral_rooms, ontoclasm_vaults_chip,
          hangedman_vaults_trim, vaults_dpeg_hooks,
          nicolae_vaults_border_crossing, layout_vaults_chaotic_city
Crypt:1:  layout_basic, mu_enter_wizlab_5, st_small_mortuary
Crypt:2:  layout_gridlike, basic_altar, grunt_megastairs_2
Crypt:3:  lightli_unholy_cathedral, layout_chaotic_city,
          nicolae_tomb_entry_rubble_hallway
Tomb:1

Skill      XL: |  1  2  3  4  5  6  7  8  9 10 11 12 13 14 15 16 17 18 19 20 21 22 23 |
---------------+----------------------------------------------------------------------+-----
Axes           | 3 4 5 6 7 9 11 13 14 15 17 18 19 20 21 22 23 24 25 | 25.2
Fighting       | 4 5 6 7 8 9 10 11 12 13 14 15 16 17 18 19 20 | 20.1
Invocations    | 3 4 6 7 8 10 11 12 13 14 15 | 15.8
Ranged Weapons | 3 5 6 8 10 12 14 15 16 17 18 19 | 19.5
Evocations     | 2 4 5 7 8 9 10 | 10.0
Dodging        | 3 5 7 8 10 | 10.7
Armour         | 5 7 8 10 11 12 13 | 13.3
Stealth        | 3 4 5 7 8 9 |  9.9
Throwing       | 3 5 6 7 9 |  9.8
Translocations | 3 5 6 |  6.2
Hexes          | 3 4 |  4.6
Shields        | |  3.6

Action                   |  1- 3 |  4- 6 |  7- 9 | 10-12 | 13-15 | 16-18 | 19-21 | 22-24 || total
-------------------------+-------+-------+-------+-------+-------+-------+-------+-------++-------
Melee: War axe           |    71 |       |       |       |       |       |       |       ||    71
       Headbutt          |    10 |    16 |    50 |    60 |   109 |   136 |   149 |    53 ||   583
       Battleaxe         |     9 |   130 |   223 |   287 |   323 |       |       |       ||   972
       Halberd           |       |       |       |    12 |       |       |       |       ||    12
       Executioner's axe |       |       |       |       |   159 |   588 |   526 |   199 ||  1472
       Broad axe         |       |       |       |       |    14 |       |       |       ||    14
 Fire: Sling             |       |       |    36 |       |       |       |       |       ||    36
       Shortbow          |       |       |   110 |    67 |     2 |       |       |       ||   179
       Longbow           |       |       |       |       |   318 |       |    28 |    12 ||   358
       Arbalest          |       |       |       |       |   202 |   669 |   709 |   257 ||  1837
Throw: Stone             |     8 |       |       |       |       |       |       |       ||     8
       Dart              |       |     6 |       |     7 |       |       |       |       ||    13
       Javelin           |       |       |     4 |    24 |    26 |    24 |    63 |     8 ||   149
Invok: Heroism           |       |       |     4 |    21 |    40 |    64 |    39 |    15 ||   183
       Finesse           |       |       |       |     1 |     4 |     5 |     5 |     3 ||    18
       Duel              |       |       |       |       |       |     1 |     2 |       ||     3
Evoke: Wand              |       |       |     7 |    22 |     6 |    19 |    14 |     6 ||    74
       Phial of floods   |       |       |       |     1 |     1 |       |     2 |       ||     4
       Tin of tremorston |       |       |       |       |       |     4 |     6 |     5 ||    15
       Condenser vane    |       |       |       |       |       |       |     2 |     3 ||     5
  Use: Scroll            |     1 |     1 |    11 |    15 |    16 |    12 |    24 |     4 ||    84
       Potion            |       |     6 |     3 |     3 |     6 |     8 |    14 |     2 ||    42
 Stab: Paralysed         |       |       |       |    18 |       |     2 |     2 |       ||    22
       Invisible         |       |       |       |       |     8 |       |       |     1 ||     9
Armor: Scale mail        |    42 |    30 |       |       |       |       |       |       ||    72
       Chain mail        |       |    69 |   155 |   216 |   396 |   621 |   166 |       ||  1623
       Skin              |       |       |       |     1 |       |       |       |       ||     1
       Plate armour      |       |       |       |       |       |       |   352 |   180 ||   532
Dodge: Dodged            |    41 |    53 |   117 |   183 |   311 |   414 |   409 |   140 ||  1668
Block: Buckler           |    13 |       |       |       |       |       |       |       ||    13
       Other             |       |       |       |    30 |    57 |   163 |    41 |       ||   291
       Reflection        |       |       |       |     4 |     3 |    39 |     5 |       ||    51
       Kite shield       |       |       |       |       |     6 |       |       |       ||     6

Table legend: (Time is in decaauts)
 A = Elapsed time spent in this place.
 B = Non-inter-level travel time spent in this place.
 C = Inter-level travel time spent in this place.
 D = Time resting spent in this place.
 E = Time spent auto-exploring this place.
 F = Levels seen in this place.
 G = Mean time per level.
                   A        B        C        D        E       F      G
               +--------+--------+--------+--------+--------+-----+--------+
         Total |  71584 |  67158 |   4426 |  27201 |  27603 |  55 | 1301.5 |
       Dungeon |  19713 |  17820 |   1893 |   4738 |  10131 |  15 | 1314.2 |
        Temple |    132 |    116 |     16 |      0 |    109 |   1 |  132.0 |
          Lair |   7366 |   6368 |    998 |   1435 |   3886 |   5 | 1473.2 |
        Shoals |   6762 |   6503 |    259 |   3084 |   2190 |   4 | 1690.5 |
     Snake Pit |   8051 |   7718 |    333 |   3861 |   2342 |   4 | 2012.8 |
    Slime Pits |   2098 |   2096 |      2 |   1798 |      0 |   5 |  419.6 |
  Orcish Mines |   2678 |   2563 |    115 |   1371 |    809 |   2 | 1339.0 |
   Elven Halls |   5744 |   5487 |    257 |   2454 |   1638 |   3 | 1914.7 |
        Vaults |   8636 |   8364 |    272 |   3875 |   3306 |   4 | 2159.0 |
         Crypt |   4033 |   3813 |    220 |    781 |   2273 |   3 | 1344.3 |
          Tomb |    750 |    692 |     58 |    331 |      0 |   1 |  750.0 |
       Ossuary |    613 |    613 |      0 |    156 |    185 |   1 |  613.0 |
        Bailey |   1951 |   1951 |      0 |   1112 |    400 |   1 | 1951.0 |
      Ice Cave |    604 |    604 |      0 |    255 |    150 |   1 |  604.0 |
        Wizlab |   2297 |   2297 |      0 |   1897 |    171 |   1 | 2297.0 |
      Gauntlet |     76 |     76 |      0 |      2 |     11 |   1 |   76.0 |
         Arena |     73 |     73 |      0 |     47 |      0 |   3 |   24.3 |
               +--------+--------+--------+--------+--------+-----+--------+

Top non-repeatable levels by time:
Shoals:4: 3249 daAuts
    D:14: 2582 daAuts
Vaults:3: 2559 daAuts
 Snake:3: 2551 daAuts
Vaults:4: 2480 daAuts
   Elf:1: 2369 daAuts
  WizLab: 2297 daAuts
Vaults:2: 2245 daAuts
 Snake:1: 2243 daAuts
   Elf:3: 2056 daAuts
    D:11: 2048 daAuts
 Snake:4: 2044 daAuts
  Bailey: 1951 daAuts
   Orc:2: 1908 daAuts
  Lair:3: 1817 daAuts
